Map: World of Sleepers LE

Players

Ratl

  • Race: Zerg Zerg
  • Spawn Location: 7:00

VOD

Have the link to the VOD?

Description

Time

  • Played on: Oct. 29, 2019, 9:02 p.m.
  • Length: 16:48
Show
View Real Time Build Order
Export as new Build Order

Ratl Zerg 

Build Orders:  

Get SALT Encoding   

  12  0:04  Drone  
  13  0:19  Overlord  
  13  0:38  Drone  
  14  0:44  Overlord  
  14  1:04  Drone  
  14  1:05  Drone  
  16  1:20  Drone  
  16  1:28  Drone  
  18  1:45  Extractor  
  17  1:51  Overlord  
  17  2:00  Extractor  
  16  2:14  Drone x2  
  18  2:28  Drone  
  19  2:44  Spawning Pool  
  18  2:50  Drone  
  19  3:21  Drone x2  
  21  3:31  Drone  
  22  4:00  Queen, Evolution Chamber  
  22  4:02  Zergling x2  
  22  4:03  Zergling x2  
  25  4:14  Drone  
  26  4:30  Zergling x2  
  27  4:48  Zergling x2  
  28  5:17  Drone x2  
  30  5:44  Lair  
  30  5:52  Roach Warren  
  30  5:58  Baneling Nest  
  28  6:16  Zerg Melee Weapons Level 1  
  28  6:22  Zergling x10  
  33  6:38  Zergling x2  
  34  6:55  Zergling x2  
  34  6:58  Metabolic Boost  
  35  7:07  Zergling x2  
  36  7:16  Zergling x4  
  38  7:21  Overlord  
  38  7:30  Overseer  
  38  7:35  Overseer  
  38  7:37  Overseer  
  38  7:39  Overseer  
  38  7:53  Zergling x4  
  40  8:34  Zergling x6  
  35  8:55  Zerg Missile Weapons Level 1  
  28  9:37  Glial Reconstitution  
  24  9:44  Drone x2  
  26  10:03  Zergling x4  
  26  10:04  Zergling x4  
  30  10:38  Overseer  
  30  10:43  Overseer x3  
  30  11:12  Hatchery  
  29  11:27  Tunneling Claws  
  29  11:34  Infestation Pit  
  29  11:35  Zerg Ground Armor Level 1  
  28  11:43  Hydralisk Den  
  27  11:50  Extractor  
  27  11:56  Extractor  
  25  12:21  Extractor, Hatchery  
  25  12:22  Extractor  
  25  12:29  Spine Crawler  
  21  12:30  Spine Crawler  
  20  13:19  Hydralisk x3  
  26  13:20  Hydralisk x5  
  26  13:21  Hydralisk  
  38  13:33  Spine Crawler  
  37  14:03  Zergling x2  
  37  14:04  Zergling x4  
  40  14:10  Drone  
  40  14:12  Queen  
  43  14:25  Drone x3  
  46  14:43  Hydralisk x2  
  46  14:48  Drone x3  
  53  15:00  Hive  
  23  16:01  Hydralisk x3  
  31  16:32  Unknown  
Tags
 
Add a new tag
Caveats
  • Supply blocks, unpowered buildings, or Contaminate may cause inaccurate times.
  • Supply counts are checked every 10 seconds.